 Seeded DCSS version 0.31-a0-219-g8d62b2e7bb (webtiles) character file.

Game seed: 13275427502194390118 (custom seed)

399 rocky1 the Sneak (level 6, 0/49 HPs)
             Began as a Merfolk Delver on July 4, 2023.
             Slain by an ogre
             ... wielding a +0 giant club
              (24 damage)
             ... on level 4 of the Dungeon.
             The game lasted 00:05:58 (2393 turns).

rocky1 the Sneak (Merfolk Delver)                   Turns: 2393, Time: 00:05:58

Health: 0/49       AC:  3    Str: 12    XL:     6   Next: 84%
Magic:  3/6        EV: 14    Int:  9    God:
Gold:   59         SH:  0    Dex: 18    Spells: 5/5 levels left

rFire   . . .        a - +0 falchion
rCold   . . .        (no shield)
rNeg    . . .        r - +0 leather armour
rPois   .            (helmet restricted)
rElec   .            (no cloak)
rCorr   .            (no gloves)
SInv    .            (no boots)
Will    .....        (no amulet)
Stlth   +++          (no ring)
HPRegen 0.28/turn    (no ring)
MPRegen 0.10/turn

%: clarity
@: no status effects
A: (nimble swimmer 2), mertail, antennae 1, clarity, MP-powered wands
a: no special abilities


You were on level 4 of the Dungeon.
You visited 2 branches of the dungeon, and saw 3 of its levels.
You also visited: Sewer.

You collected 59 gold pieces.

Inventory:

Hand Weapons
 a - a +0 falchion (weapon)
 b - a +0 short sword
Missiles
 n - 5 poisoned darts (quivered)
 o - a curare-tipped dart
Armour
 r - a +0 leather armour (worn)
Wands
 g - a wand of digging (3)
 l - a wand of acid (13)
Scrolls
 c - a scroll of fog
 d - a scroll of revelation
 e - a scroll of fear
 h - a scroll of identify {unknown}
 k - 2 scrolls of teleportation {unknown}
 t - 2 scrolls of noise {unknown}
 v - a scroll of blinking {unknown}
Potions
 f - 2 potions of haste
 i - a potion of brilliance
 j - a potion of might {unknown}
 m - a potion of mutation
 p - a potion of experience {unknown}
 q - 3 potions of resistance {unknown}
 s - a potion of attraction {unknown}
 u - a potion of lignification {unknown}


   Skills:
 + Level 4.7 Fighting
 * Level 5.5 Long Blades
 + Level 4.7 Dodging
 + Level 6.6 Stealth


You had 5 spell levels left.
You didn't know any spells.
Your spell library contained the following spells:

 Spells                   Type           Power      Damage    Failure   Level
 Dazzling Flash           Conj/Hex       0%         N/A       83%         3
 Frozen Ramparts          Ice            0%         1d1       83%         3
 Volatile Blastmotes      Fire/Tloc      0%         2d10      83%         3
 Ice Form                 Ice/Tmut       0%         N/A       99%         4
 Iskenderun's Mystic Bla  Conj/Tloc      0%         2d3       99%         4
 Summon Ice Beast         Ice/Summ       0%         N/A       99%         4
 Starburst                Conj/Fire      0%         6d3       100%        6


Dungeon Overview and Level Annotations

Branches:
Dungeon (5/15)             Temple (1/1) D:4           Sewer (visited)

Altars:
Ashenzari
Cheibriados
Elyvilon
Fedhas
Kikubaaqudgha
Qazlal
Sif Muna
Uskayaw
Wu Jian
Xom
Yredelemnul
Zin

Shops:
D:5 !


Innate Abilities, Weirdness & Mutations

((You are very nimble when in or above water. (Stealth+, EV+, Speed+++)))
Your lower body shifts to a powerful aquatic tail in water.
You have a pair of small antennae on your head.
You possess an exceptional clarity of mind.
You expend magic power (3 MP) to strengthen your wands.


Message History

You hit the scorpion.
The scorpion is almost dead.
The scorpion barely misses you.
You hit the scorpion.
You kill the scorpion!
You now have 59 gold pieces (gained 12).
Found a club.
Found an escape hatch in the floor.
An endoplasm comes into view.
An endoplasm is nearby!
There is an open door here.
Found a stone staircase leading up.
A scorpion comes into view.
The helpless endoplasm fails to defend itself.
You slash the endoplasm!
You kill the endoplasm!
An ogre comes into view. It is wielding a +0 giant club.
There is a dry fountain here.
There are monsters nearby!
You barely miss the scorpion.
The ogre shouts!
The scorpion closely misses you. The scorpion stings you.
The scorpion attacks as you move away! The scorpion completely misses you.
The scorpion closely misses you. The scorpion attacks as you move away!
The scorpion stings you.
There is an open door here.
Aiming: Corrosive Bolt
Press: ? - help, Shift-Dir - straight line, f - scorpion
Aim: a scorpion (71% to hit)
You feel a surge of power!
The bolt of acid hits the scorpion!!
You kill the scorpion!
The bolt of acid hits the ogre!!
The acid corrodes the ogre!
The ogre is severely wounded.
You slash the ogre!
The ogre is almost dead.
The ogre hits you with a +0 giant club!!
You barely miss the ogre.
The ogre is almost dead.
The ogre hits you with a +0 giant club!!
You die...

......o..# #..#
######.#>#.
############..#
#.###.###....).....#..#
#.# #.....#...........#
#.# ###'#.#.######.#.##
#.# ##.###.## #.#.# #..
##...##..# #.#.#
#####.....##.# #.#.#
#.'...⌠..O@.# #.#.#
...###...##### #.#.# ##
#...# >.#.# #...# #.<.#
#...# #####


You could see an ogre (corroded).

Vanquished Creatures
  A phantom (D:4)
  A kobold brigand (Sewer)
  2 scorpions (D:4)
  An orc priest (D:4)
  A sleepcap (D:4)
  An orc wizard (D:4)
  An adder (Sewer)
  A river rat (D:4)
  5 orcs (D:4)
  A ball python (Sewer)
  5 bats
  An endoplasm (D:4)
  4 giant cockroaches
  A goblin (D:4)
  A hobgoblin (D:4)
  10 kobolds (Sewer)
  2 rats (Sewer)
39 creatures vanquished.

Notes
Turn   | Place    | Note
-------+----------+-------------------------------------------
     0 | D:5      | rocky1 the Merfolk Delver began the quest for the Orb.
     0 | D:5      | Reached XP level 1. HP: 18/18 MP: 1/1
     9 | D:5      | Noticed an ice beast
    72 | D:5      | Found Goteusie's Distillery.
    99 | D:4      | Noticed an orc wizard
   116 | D:4      | Found a glowing drain.
   128 | D:4      | Reached XP level 2. HP: 9/24 MP: 2/2
   137 | Sewer    | Entered a sewer
   288 | Sewer    | Reached XP level 3. HP: 9/29 MP: 3/3
  1023 | Sewer    | Noticed a kobold brigand
  1045 | Sewer    | Killed a kobold brigand
  1046 | Sewer    | Reached skill level 6 in Stealth
  1046 | Sewer    | Reached XP level 4. HP: 27/37 MP: 4/4
  1333 | D:4      | Noticed a phantom
  1337 | D:4      | Reached XP level 5. HP: 42/42 MP: 5/5
  1361 | D:4      | Found a staircase to the Ecumenical Temple.
  1362 | D:4      | Killed a phantom
  1417 | D:4      | Gained mutation: You possess an exceptional clarity of
                  | mind. [potion of mutation]
  1417 | D:4      | Gained mutation: You have a pair of small antennae on your
                  | head. [potion of mutation]
  1417 | D:4      | Gained mutation: You expend magic power (3 MP) to
                  | strengthen your wands. [potion of mutation]
  1423 | D:4      | Reached XP level 6. HP: 33/49 MP: 6/6
  1782 | Temple   | Entered the Ecumenical Temple
  2077 | D:4      | Found a blossoming altar of Fedhas.
  2133 | D:4      | Reached skill level 5 in Long Blades
  2393 | D:4      | Slain by an ogre

Illustrated notes

Levels and vault maps discovered:
D:4:      layout_basic, fedhas_altar_2, minmay_temple_entry_ruins,
          cheibrodos_sewer_entry_sluice, grunt_ministairs_14,
          kennysheep_cross_room
D:5:      layout_loops_ring, mainiacjoe_overflow_catwalk_spiral, serial_shops,
          shop_fountains, uniq_prince_ribbit1
Temple:   chequers_temple_sunken

Skill      XL: |  1  2  3  4  5  6 |
---------------+-------------------+-----
Dodging        | 3 4 |  4.7
Long Blades    | 3 4 5 |  5.5
Fighting       | 4 |  4.7
Stealth        | 6 |  6.6

Action                     |  1- 3 |  4- 6 || total
---------------------------+-------+-------++-------
  Melee: Falchion          |    75 |   101 ||   176
         Tailslap          |     5 |     3 ||     8
         Punch             |     1 |     3 ||     4
  Evoke: Wand              |       |     1 ||     1
    Use: Potion            |     1 |     4 ||     5
   Stab: Sleeping          |     4 |     3 ||     7
 Armour: Leather armour    |    19 |    20 ||    39
  Dodge: Dodged            |    51 |    67 ||   118

Table legend: (Time is in decaauts)
 A = Elapsed time spent in this place.
 B = Non-inter-level travel time spent in this place.
 C = Inter-level travel time spent in this place.
 D = Time resting spent in this place.
 E = Time spent auto-exploring this place.
 F = Levels seen in this place.
 G = Mean time per level.
                   A        B        C        D        E       F      G
               +--------+--------+--------+--------+--------+-----+--------+
         Total |   2221 |   2221 |      0 |    954 |    394 |   4 |  555.2 |
       Dungeon |   1066 |   1066 |      0 |    383 |    230 |   2 |  533.0 |
        Temple |    148 |    148 |      0 |      0 |    121 |   1 |  148.0 |
         Sewer |   1007 |   1007 |      0 |    571 |     42 |   1 | 1007.0 |
               +--------+--------+--------+--------+--------+-----+--------+

Top non-repeatable levels by time:
   Sewer: 1007 daAuts
     D:4: 986 daAuts
  Temple: 148 daAuts
     D:5: 79 daAuts
